 Dungeon Crawl Stone Soup version 0.24-a0-463-g3510def (webtiles) character file.

Game seed: 11959611741931581687

3497 pkoi the Martial Artist (level 9, -9/70 (71) HPs)
             Began as a Demonspawn Monk on July 2, 2019.
             Was a Believer of Makhleb.
             Mangled by a two-headed ogre
             ... wielding a +0 giant spiked club
              (15 damage)
             ... on level 7 of the Dungeon.
             The game lasted 00:13:17 (8572 turns).

pkoi the Martial Artist (Demonspawn Monk)           Turns: 8572, Time: 00:13:17

HP:   -9/70 (71)    AC:  9    Str: 17    XL:     9   Next: 80%
MP:   11/11         EV: 20    Int: 13    God:    Makhleb [**....]
Gold: 459           SH:  0    Dex: 21    Spells: 8/8 levels left

rFire    . . .     SeeInvis .   a - +0 dagger (venom)
rCold    . . .     Gourm    .   (no shield)
rNeg     . . .     Faith    .   B - +1 leather armour "Soigeam" {Str+4}
rPois    .         Spirit   .   (no helmet)
rElec    .         Reflect  .   o - +0 cloak
rCorr    .         Harm     .   s - +1 pair of gloves
MR       .....                  (no boots)
Stlth    +++.......             k - amulet of the acrobat
HPRegen  0.21/turn              v - ring of wizardry
MPRegen  0.12/turn              (no ring)

@: agile
A: talons 2, rugged brown scales 2, powered by pain 1, spiny 1
a: Minor Destruction, Renounce Religion


You were on level 7 of the Dungeon.
You worshipped Makhleb.
Makhleb was pleased with you.
You were not hungry.

You visited 2 branches of the dungeon, and saw 9 of its levels.
You also visited: Sewer and Bailey.

You collected 459 gold pieces.

Inventory:

Hand Weapons
 a - a +0 dagger of venom (weapon)
 b - a +1 shortbow
 e - a +0 club
Missiles
 f - 7 silver boomerangs (quivered)
 h - 81 arrows
Armour
 o - a +0 cloak (worn)
 s - a +1 pair of gloves (worn)
 B - the +1 leather armour "Soigeam" (worn) {Str+4}
   (You found it on level 6 of the Dungeon)

   It affects your strength (+4).
Jewellery
 k - an amulet of the acrobat (around neck)
 v - a ring of wizardry (left hand)
Wands
 y - a wand of polymorph (5)
 G - a wand of disintegration (18)
 I - a wand of iceblast (4)
 K - a wand of paralysis (8)
Scrolls
 d - a scroll of fog
 l - a scroll of fear
 n - 4 scrolls of remove curse
 p - 3 scrolls of enchant armour
 t - 7 scrolls of identify
 M - 2 scrolls of torment
Potions
 c - 7 potions of heal wounds {unknown}
 g - 5 potions of curing {unknown}
 j - 3 potions of haste {unknown}
 q - 2 potions of mutation {unknown}
 u - a potion of brilliance
 z - a potion of resistance {unknown}
 A - a potion of lignification {unknown}
 C - 2 potions of flight {unknown}
 D - 4 potions of degeneration {unknown}
 H - 3 potions of might {unknown}
Comestibles
 F - 16 rations


   Skills:
 + Level 5.4 Fighting
 + Level 4.0 Bows
 + Level 3.9 Armour
 + Level 4.9 Dodging
 - Level 1.7 Stealth
 + Level 9.8 Unarmed Combat
 + Level 3.9 Invocations


You had 8 spell levels left.
You didn't know any spells.
Your spell library was empty.

Dungeon Overview and Level Annotations

Branches:
Dungeon (8/15)             Temple (1/1) D:7
   Lair: D:8-11

Altars:
Ashenzari
Cheibriados
Dithmenos
Elyvilon
Fedhas
Gozag
Hepliaklqana
Kikubaaqudgha
Makhleb
Nemelex Xobeh
Okawaru
Qazlal
Ru
Sif Muna
Trog
Uskayaw
Vehumet
Wu Jian
Xom
Yredelemnul
Zin
The Shining One

Shops:
D:4 *

Annotations:
D:8 Gastronok


Innate Abilities, Weirdness & Mutations

You have razor-sharp toenails.
You are mostly covered in rugged brown scales. (AC +2, +5% HP)
You sometimes gain a little power by taking damage.
You are partially covered in sharp spines.


Message History

The jelly is heavily wounded.
You hit the jelly but do no damage.
Your hands burn!
* * * LOW HITPOINT WARNING * * *
You claw the jelly.
The jelly is heavily wounded.
The two-headed ogre hits you with a +0 giant spiked club!!
* * * LOW HITPOINT WARNING * * *
The two-headed ogre hits you with a +0 giant club.
* * * LOW HITPOINT WARNING * * *
The jelly is struck by your spines.
You kill the jelly!
Makhleb accepts your kill.
Wield which item (- for none, * to show all)? (? for menu, Esc to quit)
Your +0 dagger of venom begins to drip with poison!
a - a +0 dagger of venom (weapon)
You hit the two-headed ogre.
The two-headed ogre is poisoned.
The two-headed ogre is lightly wounded.
The two-headed ogre closely misses you.
The two-headed ogre hits you with a +0 giant club!
You die...

#...###.....##.##...#.....
#.......###.....#...#...##
#........##.##...........#
##.......##..##.###...#...
#................##...#...
##......[...####...#...#...
#.........### ##...........
##.....##O#.###...##.#.....
#....#.>.@..##.)##.##..#.#
######...................#
#....................
#...[...........##...
##...[...........>...
#..#................
######..............
##.............
####..........


You could see a two-headed ogre.

Vanquished Creatures
  A two-headed ogre (D:7)
  Pikel (D:7)
  A hippogriff (D:7)
  A hungry ghost (D:7)
  2 orc warriors
  Purgy (Sewer)
  An ice beast (D:7)
  4 slaves (D:7)
  An ogre (D:7)
  A necrophage (D:7)
  A black bear (D:6)
  2 centaurs (D:6)
  A bullfrog (D:6)
  A gnoll sergeant (D:7)
  A scorpion (D:5)
  A howler monkey (D:8)
  2 crimson imps (D:7)
  2 bullfrog zombies
  A bullfrog skeleton (D:8)
  Crazy Yiuf (D:3)
  A centaur skeleton (D:4)
  3 orc priests
  5 hounds
  2 jellies
  3 iguanas
  2 orc wizards
  3 worker ants (D:4)
  A hound zombie (D:7)
  A worker ant zombie (D:5)
  9 adders
  7 gnolls
  2 shadow imps
  An ooze (D:1)
  2 adder zombies
  3 adder skeletons
  6 worms
  2 dart slugs
  4 leopard geckos
  20 orcs
  A ball python (D:1)
  8 bats
  6 giant cockroaches
  5 goblins
  3 hobgoblins
  9 jackals
  13 kobolds
  2 quokkas (D:2)
  A ball python skeleton (D:4)
  10 frilled lizards
  2 leopard gecko skeletons (D:8)
  A quokka skeleton (D:8)
  9 rats
174 creatures vanquished.

Vanquished Creatures (others)
  A goblin (D:2)
1 creature vanquished.

Grand Total: 175 creatures vanquished

Notes
Turn   | Place    | Note
-------+----------+-------------------------------------------
     0 | D:1      | pkoi the Demonspawn Monk began the quest for the Orb.
     0 | D:1      | Reached XP level 1. HP: 18/18 MP: 1/1
    71 | D:1      | Reached skill level 3 in Unarmed Combat
   235 | D:1      | Gained mutation: You are partially covered in rugged brown
                  | scales. (AC +1, +3% HP) [demonic ancestry]
   235 | D:1      | Reached XP level 2. HP: 16/24 MP: 2/2
   739 | D:1      | Reached XP level 3. HP: 24/29 MP: 3/3
  1146 | D:2      | Found a stormy altar of Qazlal.
  1211 | D:2      | Reached skill level 4 in Unarmed Combat
  1444 | D:2      | Found a white marble altar of Elyvilon.
  1515 | D:2      | Found a shadowy altar of Dithmenos.
  1991 | D:2      | Gained mutation: You have sharp toenails. [demonic
                  | ancestry]
  1991 | D:2      | Reached XP level 4. HP: 32/36 MP: 4/4
  2236 | D:2      | Reached skill level 5 in Unarmed Combat
  2651 | D:3      | Gained mutation: You are partially covered in sharp spines.
                  | [demonic ancestry]
  2651 | D:3      | Reached XP level 5. HP: 41/42 MP: 5/5
  2764 | D:3      | Found a basalt altar of Yredelemnul.
  2894 | D:3      | Found a runed translucent door.
  2895 | D:3      | Noticed Crazy Yiuf
  3091 | D:3      | Killed Crazy Yiuf
  3331 | D:4      | Reached skill level 6 in Unarmed Combat
  3442 | D:4      | Gained mutation: You are mostly covered in rugged brown
                  | scales. (AC +2, +5% HP) [demonic ancestry]
  3442 | D:4      | Reached XP level 6. HP: 42/49 MP: 6/6
  3751 | D:4      | Found an opulent altar of Gozag.
  3755 | D:4      | Found Gozag's Platinum Reserve.
  4025 | D:5      | Entered Level 5 of the Dungeon
  4243 | D:5      | Found a glowing silver altar of Zin.
  4263 | D:5      | Reached skill level 7 in Unarmed Combat
  4355 | D:5      | Gained mutation: You sometimes gain a little power by
                  | taking damage. [demonic ancestry]
  4355 | D:5      | Reached XP level 7. HP: 44/54 MP: 7/7
  4661 | D:5      | Found a glowing drain.
  4694 | Sewer    | Entered a sewer
  4741 | Sewer    | Noticed Purgy
  4758 | Sewer    | Killed Purgy
  4758 | Sewer    | Reached skill level 8 in Unarmed Combat
  5031 | D:6      | Got an agate-encrusted leather armour
  5042 | D:6      | Identified the +1 leather armour "Soigeam" {Str+4} (You
                  | found it on level 6 of the Dungeon)
  5606 | D:6      | Reached XP level 8. HP: 28/60 MP: 8/8
  5849 | D:6      | Reached skill level 1 in Bows
  5849 | D:6      | Reached skill level 1 in Armour
  5849 | D:6      | Reached skill level 9 in Unarmed Combat
  6130 | D:6      | Found a glowing golden altar of the Shining One.
  6284 | D:6      | Found a shattered altar of Ashenzari.
  7221 | D:7      | Found a staircase to the Ecumenical Temple.
  7366 | Temple   | Entered the Ecumenical Temple
  7385 | Temple   | Became a worshipper of Makhleb the Destroyer
  7385 | Temple   | Reached * piety under Makhleb
  7385 | Temple   | Reached ** piety under Makhleb
  7455 | D:8      | Found a flagged portal.
  7481 | Bailey   | Entered a bailey
  7481 | Bailey   | Noticed an orc knight
  7481 | Bailey   | Noticed an orc knight
  7504 | D:8      | Noticed a two-headed ogre
  7721 | D:8      | Noticed a two-headed ogre
  7761 | D:7      | Killed a two-headed ogre
  7761 | D:7      | Gained mutation: You have razor-sharp toenails. [demonic
                  | ancestry]
  7761 | D:7      | Reached XP level 9. HP: 9/69 MP: 8/10
  8099 | D:8      | Noticed Pikel
  8168 | D:7      | Reached skill level 5 in Fighting
  8327 | D:7      | Killed Pikel
  8564 | D:8      | Noticed Gastronok
  8572 | D:7      | Mangled by a two-headed ogre

Levels and vault maps discovered:
D:1:      dpeg_arrival_renting, layout_loops_ring
D:2:      layout_basic, nicolae_qazlal_general_emergency,
          nicolae_dithmenos_shadow_blocks, elyvilon_altar_4
D:3:      layout_rooms, overflow_temple_1_default, grunt_ministairs_9,
          uniq_crazy_yiuf_cottage
D:4:      layout_loops_ring, nicolae_gozag_zags_fifth_avenue,
          minmay_misc_feat_more_columns, minmay_misc_feat_hallway,
          minmay_cut_off
D:5:      layout_cave_pods, zin_statuary, cheibrodos_sewer_entry_bend,
          first_ration, hangedman_decor_lopped
D:6:      layout_loops_ring, tso_altar, lemuel_round_altar
D:7:      layout_cave_pools, minmay_temple_entry_nine_rooms, grunt_ogre_cave
D:8:      layout_cave_pools, enter_bailey_6, basic_altar, uniq_pikel,
          uniq_gastronok
Temple:   minmay_freezing_vapour_temple

Skill      XL: |  1  2  3  4  5  6  7  8  9 |
---------------+----------------------------+-----
Unarmed Combat | 3 4 5 6 7 8 9 |  9.8
Bows           | 3 4 |  4.0
Armour         | 3 |  3.9
Dodging        | 4 |  4.9
Fighting       | 4 5 |  5.4
Invocations    | 2 3 |  3.9
Stealth        | |  1.7

Action                   |  1- 3 |  4- 6 |  7- 9 || total
-------------------------+-------+-------+-------++-------
Melee: Unarmed           |    49 |       |   100 ||   149
       Dagger            |    82 |   126 |   133 ||   341
       Punch             |     2 |     2 |    16 ||    20
       Kick              |       |    41 |    73 ||   114
 Fire: Shortbow          |       |       |     8 ||     8
  Use: Scroll            |       |       |    13 ||    13
 Stab: Sleeping          |     4 |     5 |     3 ||    12
  Eat: Chunk             |     3 |     8 |    15 ||    26
Armor: Robe              |    36 |    20 |    12 ||    68
       Leather armour    |       |       |    49 ||    49
Dodge: Dodged            |   100 |    68 |   199 ||   367

Table legend:
 A = Non-vault XP
 B = Vault XP
 C = Vault XP percentage of total XP
 D = Non-vault monster count
 E = Vault monster count
 F = Vault count percentage of total count
                 A         B        C        D         E       F
            +---------+---------+-------+---------+---------+-------
      Total |    3942 |    1054 |  21.1 |     154 |      16 |   9.4
            +---------+---------+-------+---------+---------+-------
        D:1 |      45 |       0 |   0.0 |      25 |       0 |   0.0
        D:2 |     105 |       0 |   0.0 |      25 |       0 |   0.0
        D:3 |      94 |      53 |  36.1 |      15 |       3 |  16.7
        D:4 |     151 |      49 |  24.5 |       7 |       3 |  30.0
        D:5 |     358 |      10 |   2.7 |      25 |       2 |   7.4
        D:6 |     804 |       0 |   0.0 |      20 |       0 |   0.0
        D:7 |    2167 |     798 |  26.9 |      23 |       2 |   8.0
        D:8 |     218 |       0 |   0.0 |      14 |       0 |   0.0
      Sewer |       0 |     144 | 100.0 |       0 |       6 | 100.0
            +---------+---------+-------+---------+---------+-------
